 Dungeon Crawl Stone Soup version 0.22.1-6-g1668fe2c40 (webtiles) character file.

82 Jerry the Skirmisher (level 4, 0/35 HPs)
             Began as a Demonspawn Fighter on Jan 18, 2019.
             Succumbed to a scorpion's poison
             ... on level 2 of the Dungeon.
             The game lasted 00:03:43 (1596 turns).

Jerry the Skirmisher (Demonspawn Fighter)           Turns: 1596, Time: 00:03:43

Health: 0/35       AC:  6    Str: 14 (17) XL:     4   Next: 21%
Magic:  4/4        EV:  9    Int:  9 (10) God:
Gold:   99         SH:  0    Dex: 11 (12) Spells: 3/3 levels left

rFire    . . .     SeeInvis .   a - +0 flail
rCold    . . .     Gourm    .   (no shield)
rNeg     . . .     Faith    .   b - +0 scale mail
rPois    .         Spirit   .   (no helmet)
rElec    .         Reflect  .   (no cloak)
rCorr    .         Harm     .   (no gloves)
MR       .....                  (no boots)
Stlth    ..........             (no amulet)
HPRegen  0.11/turn              (no ring)
MPRegen  0.09/turn              (no ring)

@: lethally poisoned (0 -> -3), very slightly contaminated, invisible
A: talons 1, spiny 1
a: no special abilities


You were on level 2 of the Dungeon.
You were not hungry.

You visited 1 branch of the dungeon, and saw 2 of its levels.

You collected 99 gold pieces.

Inventory:

Hand Weapons
 a - a +0 flail (weapon)
Armour
 b - a +0 scale mail (worn)
 c - a +0 shield
Jewellery
 l - an uncursed amulet of rage {unknown}
Scrolls
 h - a scroll of remove curse {unknown}
 i - a scroll of enchant armour {unknown}
 j - a scroll of teleportation {unknown}
 m - a scroll of magic mapping {unknown}
 n - a scroll of identify {unknown}
Potions
 d - a potion of might
 g - 2 potions of degeneration
Comestibles
 f - a ration
 k - a chunk of flesh


   Skills:
 + Level 3.5 Fighting
 * Level 3.2 Maces & Flails
 + Level 3.2 Armour
 - Level 2.6 Shields


You had 3 spell levels left.
You didn't know any spells.
Your spell library was empty.

Dungeon Overview and Level Annotations

Branches:
Dungeon (2/15)

Altars:
Uskayaw


Innate Abilities, Weirdness & Mutations

You have sharp toenails.
You are partially covered in sharp spines.


Message History

* * * LOW HITPOINT WARNING * * *
You feel sick.
* * * LOW HITPOINT WARNING * * *
You feel sick.
* * * LOW HITPOINT WARNING * * *
You feel sick.
* * * LOW HITPOINT WARNING * * *
You feel sick.
* * * LOW HITPOINT WARNING * * *
You feel sick.
* * * LOW HITPOINT WARNING * * *
You feel sick.
* * * LOW HITPOINT WARNING * * *
You feel sick.
Some of the chunks of flesh in your inventory have rotted away.
There is a lethal amount of poison in your body!
There is a lethal amount of poison in your body!
* * * LOW HITPOINT WARNING * * *
You feel sick.
You die...

##.......# #.#####
#.#. ##..##### #.#
#.... #..# #.# .....
..... #.# #...
##..... #.# ##.#
####### #.# #
##...##### #.#
#.##.#.#.#..#####
#.#
#..............@#
#.###
####.#÷#.#..###.####
#...# #...#...#
#....# ###.#
####.##.#.###.##.#
#.#
#....##.#.....##†#
####.###
#.#####.#.#.####.#
#....... #.# #.#.#.#
#.# #.##.... #.#
#.#.... ... # ####.
#.# #.###... ... ##


There were no monsters in sight!

Vanquished Creatures
  A scorpion (D:2)
  A worm (D:2)
  A leopard gecko (D:2)
  A ball python (D:1)
  4 bats
  A giant cockroach (D:2)
  5 goblins
  4 hobgoblins
  4 kobolds
  A quokka (D:2)
  A frilled lizard (D:1)
  4 rats (D:1)
28 creatures vanquished.

Notes
Turn   | Place    | Note
-------+----------+-------------------------------------------
     0 | D:1      | Jerry the Demonspawn Fighter began the quest for the Orb.
     0 | D:1      | Reached XP level 1. HP: 18/18 MP: 1/1
   358 | D:1      | Gained mutation: You have sharp toenails. [demonic
                  | ancestry]
   358 | D:1      | Reached XP level 2. HP: 24/24 MP: 2/2
  1479 | D:2      | Noticed a dagger
  1480 | D:2      | Found a hide-covered altar of Uskayaw.
  1480 | D:2      | Noticed a hand axe
  1485 | D:2      | Gained mutation: You are partially covered in sharp spines.
                  | [demonic ancestry]
  1485 | D:2      | Reached XP level 3. HP: 29/29 MP: 3/3
  1570 | D:2      | Noticed a scorpion
  1576 | D:2      | Killed a scorpion
  1576 | D:2      | Reached XP level 4. HP: 15/35 MP: 4/4
  1594 | D:2      | HP: 1/35 [poisoned by a scorpion]
  1596 | D:2      | Succumbed to a scorpion's poison

Skill      XL: |  1  2  3 |
---------------+----------+-----
Maces & Flails | 2 3 |  3.2
Armour         | 3 |  3.2
Fighting       | |  3.5
Shields        | |  2.6

Action                   |  1- 3 |  4- 6 || total
-------------------------+-------+-------++-------
Melee: Flail             |    81 |       ||    81
       Kick              |    15 |       ||    15
  Use: Potion            |       |     2 ||     2
  Eat: Chunk             |     2 |       ||     2
Armor: Scale mail        |    53 |       ||    53
Dodge: Dodged            |    42 |       ||    42
